 Dungeon Crawl Stone Soup version 0.18-a0-1312-gf98331d (webtiles) character file.

126 Kidiri the Insei (level 4, -1/37 HPs)
             Began as a Draconian Transmuter on Feb 14, 2016.
             Killed by divine providence
             ... invoked by an orc priest
              (13 damage)
             ... on level 4 of the Dungeon.
             The game lasted 00:09:06 (2814 turns).

Kidiri the Insei (Draconian Transmuter)             Turns: 2814, Time: 00:09:08

Health: -1/37      AC:  6    Str: 12    XL:     4   Next: 84%
Magic:  6/7        EV: 12    Int: 13    God:
Gold:   133        SH:  0    Dex: 13    Spells: 2 memorised, 3 levels left

rFire  . . .     SeeInvis .       - Unarmed
rCold  . . .     Gourm    .     (armour unavailable)
rNeg   + . .     Faith    .     (no shield)
rPois  .         Spirit   .     (helmet restricted)
rElec  .         Dismiss  .     j - +0 cloak
rCorr  .         Reflect  .     (no gloves)
SustAt .         Harm     .     (boots currently unavailable)
MR     .....                    (no amulet)
Stlth  ++........               (no ring)
                                l - ring of positive energy

@: appendage, not resistant to hostile enchantments, unstealthy
A: unfitting armour, talons 3, cold-blooded, AC +5
a: End Transformation


You were on level 4 of the Dungeon.
You were not hungry.
You had grown temporary talons.
You visited 1 branch of the dungeon, and saw 4 of its levels.

You collected 133 gold pieces.

Inventory:

Missiles
 a - 46 arrows
 k - 31 stones (quivered)
 m - 18 sling bullets
 o - 7 tomahawks
 r - a throwing net
Armour
 j - a +0 cloak (worn)
Jewellery
 l - a ring of positive energy (left hand)
Scrolls
 d - a scroll of blinking
 e - a scroll of fog
 p - 2 scrolls of remove curse
 s - a scroll of magic mapping {unknown}
 t - a scroll of enchant weapon {unknown}
Potions
 f - a potion of might
 g - a potion of agility
 h - 2 potions of invisibility {unknown}
 n - a potion of ambrosia
Books
 b - a book of Changes

   Spells                             Type                      Level
   a - Beastly Appendage              Transmutation                1
   b - Sticks to Snakes               Transmutation                2
   c - Spider Form                    Transmutation/Poison         3
   d - Ice Form                       Ice/Transmutation            4
   e - Blade Hands                    Transmutation                5
Comestibles
 c - 4 bread rations
 i - 3 chunks of flesh


   Skills:
 + Level 2.3 Fighting
 + Level 1.0 Throwing
 * Level 2.4 Dodging
 + Level 1.7 Stealth
 * Level 3.6 Unarmed Combat
 * Level 2.3 Spellcasting
 + Level 2.2 Transmutations
 + Level 0.2 Poison Magic


You had 3 spell levels left.
You knew the following spells:

 Your Spells              Type           Power        Failure   Level  Hunger
a - Beastly Appendage     Trmt           #.....       12%         1    #......
b - Spider Form           Trmt/Pois      #.........   52%         3    ###....


Dungeon Overview and Level Annotations

Branches:
Dungeon (4/15)
 Temple: D:4-7

Altars:


Innate Abilities, Weirdness & Mutations

Your plain brown scales are hard (AC +5).
Your body does not fit into most forms of armour.
You are cold-blooded and may be slowed by cold attacks.
You have claws for feet.


Message History

The orc wizard points at you and mumbles some strange words.
The magic dart hits you!
You hit the orc priest.
The orc priest is lightly wounded.
The orc priest barely misses you. The orc wizard hits you with a dagger.
You hit the orc priest.
The orc priest is heavily wounded.
The orc wizard hits you with a dagger. The orc priest hits you with a trident.
Casting: Beastly Appendage
Confirm with . or Enter, or press ? or * to list all spells.
Your feet morph into talons.
The orc wizard gestures at you while chanting.
The magic dart hits you! The orc priest barely misses you.
You hit the orc priest but do no damage.
You claw the orc priest, but do no damage.
The orc priest is heavily wounded.
The orc wizard closely misses you.
The orc priest invokes the aid of Beogh against you.
Something smites you!
You die...

###### .....#
....# ...# # ..#
.# .#######.# ..#
.......#.####...#
.......#...@o...#
.......#...#o...#
.......'...#....#
.......#...#....#
.....>.#...#....#
.......##..##...#
###.....#^.######
+.....#.......#
#.....#.......#


You could see an orc priest and an orc wizard.

Vanquished Creatures
  3 adders
  An adder skeleton (D:4)
  2 worms (D:3)
  2 giant geckos (D:3)
  13 orcs
  10 bats
  A giant cockroach (D:3)
  2 goblins (D:3)
  7 hobgoblins
  13 jackals
  A quokka (D:2)
  3 giant newts
  6 kobolds
  5 rats
69 creatures vanquished.

Notes
Turn   | Place    | Note
--------------------------------------------------------------
     0 | D:1      | Kidiri the Draconian Transmuter began the quest for the Orb.
     0 | D:1      | Reached XP level 1. HP: 16/16 MP: 3/3
   331 | D:1      | Reached XP level 2. HP: 23/23 MP: 5/5
   907 | D:2      | Reached XP level 3. HP: 26/28 MP: 4/6
  1168 | D:2      | Reached skill level 1 in Stealth
  1436 | D:2      | Learned a level 3 spell: Spider Form
  1953 | D:3      | Reached XP level 4. HP: 34/36 MP: 5/7
  1959 | D:3      | Found a faded altar to an unknown god.
  2050 | D:3      | Reached skill level 1 in Throwing
  2692 | D:4      | Noticed an ogre
  2814 | D:4      | Killed from afar by an orc priest

Vault maps used:
D:1:      sevenhm_arrival_forest_fort_large_1
D:2:      first_bread, hangedman_decor_points
D:3:      ecumenical_altar_1
D:4:      gammafunk_temple_overflow_wave, minmay_temple_entry_crystal_x

Action                   |  1- 3 |  4- 6 || total
-------------------------+-------+-------++-------
Melee: Unarmed           |   143 |   108 ||   251
Throw: Stone             |    12 |       ||    12
       Tomahawk          |     2 |       ||     2
 Cast: Beastly Appendage |    12 |     5 ||    17
  Use: Scroll            |       |     7 ||     7
       Potion            |       |     1 ||     1
 Stab: Sleeping          |     3 |     1 ||     4
  Eat: Chunk             |     3 |     4 ||     7
